 Dungeon Sprint DCSS version 0.31-a0-636-ge1c0e020e0 (webtiles) character file.

Game seed: 14420491229201487596

4481 Conn the Scorcher (level 10, -9/56 HPs)
             Began as an Octopode Fire Elementalist on Aug 26, 2023.
             Was a High Priest of Sif Muna.
             Mangled by Agnes
             ... wielding a +3 lajatang of distortion
              (27 damage)
             ... in the Dungeon (Sprint IV: "Fedhas' Mad Dash").
             The game lasted 00:12:04 (2152 turns).

Conn the Scorcher (Octopode Fire Elementalist)      Turns: 2152, Time: 00:12:05

Health: -9/56      AC:  1    Str: 15    XL:     10   Next: 38%
Magic:  19/28      EV: 14    Int: 21    God:    Sif Muna [*****.]
Gold:   259        SH:  0    Dex: 14    Spells: 17/37 levels left

rFire   + . .        m - staff of fire
rCold   . . .        (no shield)
rNeg    . . .        (helmet restricted)
rPois   +            g - amulet of invisibility {+Inv}
rElec   .            f - ring "Ystixu" {rPois Will- rCorr Str+8}
rCorr   +            (no ring)
SInv    .            (no ring)
Will    .....        (no ring)
Stlth   ++++         (no ring)
HPRegen 0.29/turn    (no ring)
MPRegen 0.21/turn    (no ring)
                     (no ring)

%: no teleportation
@: very slightly contaminated, hasted, invisible, very quick
A: almost no armour, amphibious, 8 rings, camouflage 1, gelatinous body 1,
(nimble swimmer 1), tentacles
a: Renounce Religion, Evoke Invisibility, Channel Magic, Forget Spell, Divine
Exegesis


You were in the Dungeon.
You worshipped Sif Muna.
Sif Muna was extremely pleased with you.
You visited 1 branch You collected 259 gold pieces.

Inventory:

Hand Weapons
 h - a +0 short sword
Magical Staves
 m - a staff of fire (weapon)
Jewellery
 f - the ring "Ystixu" (left tentacle) {rPois Will- rCorr Str+8}
   (You found it in the Dungeon)

   [ring of poison resistance]

   Str+8:     It affects your strength (+8).
   rPois:     It protects you from poison Will-: It decreases your willpower.
   rCorr:     It protects you from acid and corrosion.
 g - the amulet of invisibility (around mantle) {+Inv}
   (You found it in the Dungeon)

   [amulet of nothing]

   +Inv:      It lets you turn invisible.
Talismans
 k - a dragon-blood talisman
Scrolls
 e - a scroll of revelation {unknown}
 l - a scroll of identify {unknown}
Potions
 a - 3 potions of magic
 b - 3 potions of curing
 i - a potion of lignification {unknown}
Miscellaneous
 j - a box of beasts (inert)


   Skills:
 + Level 3.7 Dodging
 - Level 5.5 Stealth
 + Level 0.7 Unarmed Combat
 + Level 14.2 Spellcasting
 * Level 7.0 Conjurations
 + Level 3.3 Hexes
 * Level 2.6 Summonings
 + Level 15.8 Fire Magic
 * Level 2.5 Ice Magic
 - Level 1.1 Evocations


You had 17 spell levels left.
You knew the following spells:

 Your Spells              Type           Power      Damage    Failure   Level
a - Foxfire               Conj/Fire      100%       2x1d9     1%          1
b - Scorch                Fire           100%       2d9       0%          2
c - Inner Flame           Hex/Fire       70%        N/A       1%          3
d - Flame Wave            Conj/Fire      76%        2d17      1%          4
e - Metabolic Englaciati  Hex/Ice        13%        N/A       34%         5
f - Summon Forest         Summ/Tloc      10%        N/A       56%         5

Your spell library contained the following spells:

 Spells                   Type           Power      Damage    Failure   Level
 Volatile Blastmotes      Fire/Tloc      100%       2d18      1%          3
 Apportation              Tloc           28%        N/A       4%          1
 Sting                    Tmut/Pois      56%        1d5       4%          1
 Lesser Beckoning         Tloc           28%        N/A       6%          2
 Poisonous Vapours        Pois/Air       28%        N/A       6%          2
 Teleport Other           Tloc           14%        N/A       13%         3
 Olgreb's Toxic Radiance  Pois           14%        N/A       38%         4


Dungeon Overview and Level Annotations

Branches:
Dungeon (1/1)

Altars:
Cheibriados
Dithmenos
Elyvilon
Gozag
Hepliaklqana
Kikubaaqudgha
Makhleb
Nemelex Xobeh
Okawaru
Qazlal
Ru
Sif Muna
Trog
Uskayaw
Vehumet
Wu Jian
Xom
Yredelemnul
Zin
The Shining One
Jiyva
Lugonu

Shops:
D ?([=(*

Annotations:
D Agnes


Innate Abilities, Weirdness & Mutations

You cannot wear most types of armour.
You are amphibious.
You can wear up to eight rings at the same time.
Your skin changes colour to match your surroundings (Stealth+).
Your rubbery body absorbs attacks. (AC +1, EV +1)
((You are camouflaged when in or above water. (Stealth+)))
You have tentacles for arms and can constrict up to eight enemies at once.


Message History

Unknown command.
Unknown command.
Unknown command.
Casting: Flame Wave (safe; 1% risk of failure)
Confirm with . or Enter, or press ? or * to list all spells.
Okay, then.
Okay, then.
You feel much better.
The spriggan berserker is engulfed in blazing flames.
Agnes hits you with a +3 lajatang of distortion!!
Ouch! That really hurt!
Your larval oxweird beast completely misses Agnes.
Your larval oxweird beast barely misses Agnes.
Your larval oxweird beast grabs Agnes.
Your larval oxweird beast constricts Agnes.
Casting: Flame Wave (safe; 1% risk of failure)
Confirm with . or Enter, or press ? or * to list all spells.
Okay, then.
Unknown command.
Unknown command.
Unknown command.
Agnes hits your larval oxweird beast with a +3 lajatang of distortion!!
Your larval oxweird beast dies!
Your larval oxweird beast's corpse disappears in a puff of smoke!
The spriggan berserker is engulfed in blazing flames.
Unknown command.
Casting: Flame Wave (safe; 1% risk of failure)
Confirm with . or Enter, or press ? or * to list all spells.
Casting: Flame Wave (safe; 1% risk of failure)
Press: ? - help, Dir - look around, f - activate You feel a surge of power!
A wave of flame ripples out!
The flame wave engulfs Agnes!!
Agnes is severely wounded.
Agnes shouts!
The flame wave engulfs the spriggan berserker!
You kill the spriggan berserker!
Sif Muna accepts your kill. (Press . to intensify the flame waves.) Agnes hits you with a +3 lajatang of distortion!!
You die...

##############################
#.⌠._._._._.⌠.#..)...#....##∩#
'.._._._._._..'..#...#....'(.#
#..._._._._...#..###'##...##∩#
#.._._._._._..#..##∩∩.'...####
#._._._._._.⌠.#############
###################....[)#
#....♣..♣.###.'.@'.......+
..)...♣..♣##..#i§#.P.....#
.....♣.♣..###.##§##.P....#
.....♣...♣'...#.§§########
###############.§§.. ..§§§...
.♣.§§§..♣.. ...♣.....∩.∩ ##
##########


You could see Agnes.

Vanquished Creatures
  A spriggan berserker (D)
  A spriggan druid (D)
  6 oklob plants (D)
  3 burning bushes (D)
  A queen bee (D)
  3 wandering mushrooms (D)
  3 scorpions (D)
  4 killer bees (D)
  5 oklob saplings (D)
  2 spriggans (D)
  A river rat (D)
  A rat (D)
  A ballistomycete spore (D)
32 creatures vanquished.

Vanquished Creatures (others)
  79 foxfires (D)
79 creatures vanquished.

Grand Total: 111 creatures vanquished

Notes
Turn   | Place    | Note
-------+----------+-------------------------------------------
     0 | D        | Conn the Octopode Fire Elementalist began the quest for the
                  | Orb.
     0 | D        | Reached XP level 1. HP: 11/11 MP: 3/3
    13 | D        | Reached skill level 4 in Fire Magic
    13 | D        | Reached XP level 2. HP: 2/17 MP: 0/5
    76 | D        | Learned a level 2 spell: Scorch
    86 | D        | Noticed an oklob sapling
    89 | D        | Noticed a scorpion
    89 | D        | Found the amulet of invisibility {+Inv}
    93 | D        | Killed a scorpion
    94 | D        | Reached skill level 6 in Fire Magic
    94 | D        | Reached XP level 3. HP: 17/21 MP: 0/8
    94 | D        | Reached XP level 4. HP: 21/27 MP: 0/9
    98 | D        | Learned a level 3 spell: Inner Flame
   103 | D        | Learned a level 4 spell: Flame Wave
   399 | D        | Reached skill level 1 in Evocations
   443 | D        | Found an opulent altar of Gozag.
   443 | D        | Found a hazy altar of Hepliaklqana.
   443 | D        | Found a burning altar of Makhleb.
   443 | D        | Found a sparkling altar of Nemelex Xobeh.
   443 | D        | Found a snail-covered altar of Cheibriados.
   443 | D        | Found a sacrificial altar of Ru.
   443 | D        | Found a shimmering blue altar of Sif Muna.
   443 | D        | Found a shimmering altar of Xom.
   443 | D        | Found a basalt altar of Yredelemnul.
   444 | D        | Found a viscous altar of Jiyva.
   444 | D        | Found a bloodstained altar of Trog.
   444 | D        | Found an ornate altar of the Wu Jian Council.
   444 | D        | Noticed an oklob sapling priest
   445 | D        | Found an iron altar of Okawaru.
   445 | D        | Found a shadowy altar of Dithmenos.
   445 | D        | Found a glowing silver altar of Zin.
   446 | D        | Found a hide-covered altar of Uskayaw.
   446 | D        | Found an ancient bone altar of Kikubaaqudgha.
   447 | D        | Found a stormy altar of Qazlal.
   447 | D        | Found a glowing golden altar of the Shining One.
   447 | D        | Found a white marble altar of Elyvilon.
   448 | D        | Found a radiant altar of Vehumet.
   448 | D        | Found a corrupted altar of Lugonu.
   450 | D        | Became a worshipper of Sif Muna the Loreminder
   454 | D        | Killed an oklob sapling priest
   455 | D        | Reached skill level 5 in Spellcasting
   455 | D        | Reached skill level 7 in Fire Magic
   455 | D        | Reached XP level 5. HP: 31/31 MP: 2/12
   538 | D        | Reached skill level 8 in Fire Magic
   627 | D        | Reached * piety under Sif Muna
   630 | D        | Reached skill level 9 in Fire Magic
   630 | D        | Reached XP level 6. HP: 24/36 MP: 2/16
   728 | D        | Found Dithru's Weapon Shop.
   728 | D        | Found Kohifano's Magic Scroll Emporium.
   749 | D        | Noticed a burning bush
   749 | D        | Noticed a wandering mushroom
   760 | D        | Killed a wandering mushroom
   760 | D        | Reached ** piety under Sif Muna
   761 | D        | Reached skill level 5 in Stealth
   761 | D        | Reached skill level 1 in Hexes
   761 | D        | Reached skill level 10 in Fire Magic
   761 | D        | Reached XP level 7. HP: 41/41 MP: 10/19
   761 | D        | Noticed a wandering mushroom
   764 | D        | Killed a wandering mushroom
   765 | D        | Reached skill level 10 in Spellcasting
   765 | D        | Reached skill level 11 in Fire Magic
   849 | D        | Killed a burning bush
   850 | D        | Reached skill level 12 in Fire Magic
   850 | D        | Reached XP level 8. HP: 46/46 MP: 9/22
   858 | D        | Found Jutayz's Assorted Antiques.
   858 | D        | Found Woisoerch's Antique Weapon Shoppe.
   952 | D        | Reached *** piety under Sif Muna
   998 | D        | Noticed a queen bee
  1017 | D        | Killed a queen bee
  1022 | D        | Reached **** piety under Sif Muna
  1118 | D        | Noticed an oklob plant
  1124 | D        | Killed an oklob plant
  1125 | D        | Reached skill level 13 in Fire Magic
  1125 | D        | Reached XP level 9. HP: 51/51 MP: 12/25
  1199 | D        | Noticed a burning bush
  1210 | D        | Killed a burning bush
  1330 | D        | Noticed a burning bush
  1330 | D        | Noticed an oklob plant
  1341 | D        | Killed a burning bush
  1342 | D        | Reached skill level 14 in Fire Magic
  1343 | D        | Noticed a wandering mushroom
  1513 | D        | Killed a wandering mushroom
  1671 | D        | Killed an oklob plant
  1671 | D        | Reached ***** piety under Sif Muna
  1671 | D        | Received a gift from Sif Muna
  1672 | D        | Reached skill level 5 in Conjurations
  1672 | D        | Got Sif Muna's Handbook of Quantum Graupel {god gift}
  1741 | D        | Identified the ring "Ystixu" {rPois Will- rCorr Str+8}
  1780 | D        | Noticed a spriggan druid
  1794 | D        | Killed a spriggan druid
  1795 | D        | Reached skill level 15 in Fire Magic
  1795 | D        | Reached XP level 10. HP: 56/56 MP: 17/27
  1866 | D        | Noticed an oklob plant conjurer
  1876 | D        | Killed an oklob plant conjurer
  1890 | D        | Learned a level 5 spell: Metabolic Englaciation
  1896 | D        | Learned a level 5 spell: Summon Forest
  1957 | D        | Noticed an oklob plant
  1957 | D        | Noticed an oklob plant summoner
  1958 | D        | Noticed an oklob plant shifter
  1965 | D        | Killed an oklob plant
  1966 | D        | Reached skill level 1 in Summonings
  1966 | D        | Reached skill level 1 in Ice Magic
  1971 | D        | Killed an oklob plant summoner
  2085 | D        | Killed an oklob plant shifter
  2141 | D        | Noticed Agnes
  2144 | D        | Found Xouh Puq's Antique Armour Emporium.
  2144 | D        | Found Diedghe's Jewellery Shoppe.
  2145 | D        | Noticed a spriggan berserker
  2152 | D        | Killed a spriggan berserker
  2152 | D        | Mangled by Agnes

Illustrated notes

Levels and vault maps discovered:
D:        dungeon_sprint_fedhas [sprint_temple]

Skill      XL: |  1  2  3  4  5  6  7  8  9 10 |
---------------+-------------------------------+-----
Stealth        | 3 4 5 |  5.5
Fire Magic     | 4 6 7 9 10 12 13 15 | 15.8
Dodging        | 3 |  3.7
Spellcasting   | 3 5 7 9 10 12 13 14 | 14.2
Evocations     | 1 |  1.1
Conjurations   | 2 3 6 7 |  7.0
Hexes          | 1 2 3 |  3.3
Summonings     | 2 |  2.6
Ice Magic      | 2 |  2.5
Unarmed Combat | |  0.7

Action                     |  1- 3 |  4- 6 |  7- 9 | 10-12 || total
---------------------------+-------+-------+-------+-------++-------
  Melee: Unarmed           |     5 |       |       |       ||     5
         Constrict         |     2 |       |       |       ||     2
         Tentacles         |     1 |       |       |       ||     1
   Cast: Foxfire           |     4 |     7 |    32 |       ||    43
         Scorch            |     2 |    17 |    48 |    24 ||    91
         Inner Flame       |       |     2 |     4 |       ||     6
         Flame Wave        |       |     1 |     2 |     2 ||     5
Ability: Evoke Invisibilit |       |     6 |     9 |     4 ||    19
  Evoke: Box of beasts     |       |       |       |     1 ||     1
    Use: Potion            |     1 |       |       |     2 ||     3
         Scroll            |       |       |     1 |       ||     1
  Dodge: Dodged            |     4 |       |     3 |     1 ||     8

Table legend: (Time is in decaauts)
 A = Elapsed time spent in this place.
 B = Non-inter-level travel time spent in this place.
 C = Inter-level travel time spent in this place.
 D = Time resting spent in this place.
 E = Time spent auto-exploring this place.
 F = Levels seen in this place.
 G = Mean time per level.
                   A        B        C        D        E       F      G
               +--------+--------+--------+--------+--------+-----+--------+
         Total |   2156 |   2156 |      0 |   1498 |      0 |   1 | 2156.0 |
       Dungeon |   2156 |   2156 |      0 |   1498 |      0 |   1 | 2156.0 |
               +--------+--------+--------+--------+--------+-----+--------+

Top non-repeatable levels by time:
       D: 2156 daAuts
